 Dungeon Crawl Stone Soup version 0.28.0-53-g5a82cb258f (webtiles) character file.

Game seed: 3191892038489990857

69 Infinimo the Cudgeller (level 4, -26/48 HPs)
             Began as an Ogre Gladiator on May 28, 2022.
             Killed by an exploding ball python (40 damage)
             ... ignited by their inner flame
             ... on level 2 of the Dungeon.
             The game lasted 00:02:16 (1930 turns).

Infinimo the Cudgeller (Ogre Gladiator)             Turns: 1930, Time: 00:02:17

Health: -26/48     AC:  3    Str: 17 (20) XL:     4   Next: 20%
Magic:  4/4        EV: 10    Int:  6 (9)  God:
Gold:   80         SH:  0    Dex:  8 (10) Spells: 3/3 levels left

rFire   . . .      SeeInvis .   a - +0 flail
rCold   . . .      Faith    .   (no shield)
rNeg    . . .      Spirit   .   b - +0 robe
rPois   .          Reflect  .   c - +0 hat
rElec   .          Harm     .   (no cloak)
rCorr   .          Rampage  .   (gloves unavailable)
Will    .....                   (boots unavailable)
Stlth   ..........              (no amulet)
HPRegen 0.16/turn               (no ring)
MPRegen 0.09/turn               (no ring)

@: brilliant, silenced
A: large, unfitting armour, tough skin 1
a: no special abilities


You were on level 2 of the Dungeon.
You visited 1 branch of the dungeon, and saw 3 of its levels.

You collected 80 gold pieces.

Inventory:

Hand Weapons
 a - a +0 flail (weapon)
Missiles
 d - 3 throwing nets
 f - 3 javelins (quivered)
Armour
 b - a +0 robe (worn)
 c - a +0 hat (worn)
Scrolls
 e - a scroll of immolation
 i - a scroll of magic mapping {unknown}
 j - a scroll of teleportation {unknown}
Potions
 k - a potion of degeneration


   Skills:
 + Level 3.9 Fighting
 * Level 4.0 Maces & Flails
 - Level 2.0 Throwing
 - Level 2.6 Dodging


You had 3 spell levels left.
You didn't know any spells.
Your spell library was empty.

Dungeon Overview and Level Annotations

Branches:
Dungeon (3/15)

Altars:

Annotations:
D:2 Natasha


Innate Abilities, Weirdness & Mutations

You are too large for most types of armour.
You have tough skin. (AC +1)


Message History

You sock Natasha! Your punch misses Natasha.
Natasha is severely wounded.
Natasha claws you! The ball python bites you. Natasha completely misses you.
You hit Natasha but do no damage.
Natasha is severely wounded.
The ball python bites you.
Natasha stares at you and mumbles some strange words.
The magic dart hits you. The ball python bites you.
You barely miss Natasha.
Natasha is severely wounded.
Natasha stares at you and mumbles some strange words.
The magic dart hits you!
The ball python bites you but does no damage.
You are too injured to fight recklessly!
You barely miss the ball python. The ball python bites you.
Natasha mumbles some strange words.
As you read the scroll labelled FUNIVV ICEORITS, it crumbles to dust.
The creatures around you are filled with an inner flame!
It was a scroll of immolation.
The ball python closely misses you. Natasha claws you.
The ball python bites you.
As you read the scroll labelled EKHUIS XEWEEN, it crumbles to dust.
A profound silence engulfs you.
It was a scroll of silence.
Natasha claws you.
* * * LOW HITPOINT WARNING * * *
The ball python barely misses you.
The crimson imp blinks!
It was a potion of degeneration.
There was something very wrong with that liquid.
You feel weakened.
You feel dopey.
You feel clumsy. Natasha misses you.
The ball python bites you but does no damage.
It was a potion of brilliance.
You feel clever all of a sudden. Natasha completely misses you.
The ball python barely misses you.
You hit the ball python.
Flame seeps out of the ball python.
The ball python is severely wounded.
The ball python is engulfed in blazing flames.
The ball python explodes!
The fiery explosion engulfs the crimson imp.
The crimson imp completely resists.
The fiery explosion engulfs you!!!
Ouch! That really hurt!
You die...

# #....#.# # #.#..#.#
# ###.#..#.# #
#......#.##### #
#.#....#.....# #
#.#.[..#####.# #
#......# #.#
#########.....#####.#
......)..<....5○@h..#
.÷..##.#.#....#######
.##.##.#......########
.##.##.###...........#
..#.##.....##.######(#
..#.##..##....# #.#
..#.#....#.#########.#
..#......#.#.......#.#
..#####.##.#.#####.#.#


You could see Natasha (inner flame) and a crimson imp (summoned, inner flame,
unsilenced).

Vanquished Creatures
  An adder (D:2)
  A worm (D:2)
  5 ball pythons
  4 bats
  7 endoplasms
  2 giant cockroaches (D:1)
  3 goblins
  6 hobgoblins
  5 jackals (D:1)
  6 kobolds
  4 quokkas
  3 frilled lizards
  2 rats (D:1)
49 creatures vanquished.

Notes
Turn   | Place    | Note
-------+----------+-------------------------------------------
     0 | D:1      | Infinimo the Ogre Gladiator began the quest for the Orb.
     0 | D:1      | Reached XP level 1. HP: 22/22 MP: 1/1
   110 | D:1      | Reached skill level 3 in Maces & Flails
   238 | D:1      | Reached XP level 2. HP: 29/31 MP: 2/2
   504 | D:1      | Reached XP level 3. HP: 35/37 MP: 3/3
  1262 | D:2      | Found a faded altar of an unknown god.
  1557 | D:2      | Reached skill level 4 in Maces & Flails
  1557 | D:2      | Reached XP level 4. HP: 48/48 MP: 4/4
  1915 | D:3      | Noticed Natasha
  1930 | D:2      | Killed by an exploding ball python... ignited by their
                  | inner flame

Illustrated notes

Levels and vault maps discovered:
D:1:      kilobyte_arrival_exit_the_forest, layout_rooms
D:2:      layout_basic, ebering_ecumenical_altar_abandoned
D:3:      layout_basic, uniq_natasha

Skill      XL: |  1  2  3 |
---------------+----------+-----
Fighting       | 3 |  3.9
Maces & Flails | 3 4 |  4.0
Throwing       | |  2.0
Dodging        | |  2.6

Action                   |  1- 3 |  4- 6 || total
-------------------------+-------+-------++-------
Melee: Flail             |   120 |     9 ||   129
       Punch             |     1 |       ||     1
Throw: Javelin           |     8 |     1 ||     9
       Throwing net      |     1 |       ||     1
  Use: Scroll            |       |     2 ||     2
       Potion            |       |     2 ||     2
Armor: Robe              |    33 |     3 ||    36
Dodge: Dodged            |    81 |     9 ||    90
